AoeStats
← Redwings10k

Nomad

506122283Analyzed
3v3 RM · 21d ago on Sep 12, 2026· 38m 36s· 6 players
Game mode
Random Map
Map size
210×210
Population
200
Speed
Normal
Resources
Standard
Victory
Conquest
Starting age
Dark Age
Ending age
Imperial Age
RankedLock teamsTeams togetherTeam positionsShared explorationLock speedFull tech treeHidden civsTurbo modeCheats
Victory
Defeat
🇨🇿 Tupi · Czechia
1299
+16
🇸🇪 Shu · Sweden
1262
+17
🇦🇷 Saracens · Argentina
1262
+17
🇫🇮 Vikings · Finland
1330
-18
🇺🇾 Persians · Uruguay
1274
-16
🇫🇮 Lithuanians · Finland
1265
-16
Redwings10k
3:14 Loom
13:24 Feudal Age
13:57 Double-Bit Axe
17:00 Horse Collar
18:31 Town Watch
18:51 Fletching
21:38 Castle Age
25:47 Bodkin Arrow
The Cacun
13:26 Feudal Age
15:02 Double-Bit Axe
17:24 Castle Age
20:55 Town Watch
20:56 Loom
24:33 Scale Barding Armor
26:15 Fletching
27:18 Gold Mining
27:56 Horse Collar
29:03 Bloodlines
30:10 Husbandry
32:13 Forging
32:44 Chain Barding Armor
35:12 Wheelbarrow
39:43 Imperial Age
41:08 Imperial Age
piineri
4:34 Loom
14:50 Feudal Age
15:45 Town Watch
16:15 Double-Bit Axe
20:24 Castle Age
18:45 Stone Mining
19:31 Gold Mining
25:41 Wheelbarrow
37:09 Bloodlines
37:00 Husbandry
36:56 Horse Collar
38:15 Bow Saw
cuaiern
3:27 Loom
12:44 Feudal Age
13:50 Double-Bit Axe
20:08 Castle Age
19:23 Horse Collar
21:53 Medium Warships
22:11 Bloodlines
22:01 Husbandry
23:07 Bow Saw
29:47 Scale Barding Armor
29:53 Forging
31:17 Wheelbarrow
31:01 Town Watch
32:40 Iron Casting
35:30 Gold Mining
39:16 Imperial Age
37:50 Hand Cart
37:46 Heavy Plow
38:49 Chain Barding Armor
manbearpig
5:07 Loom
13:55 Feudal Age
15:32 Double-Bit Axe
18:15 Castle Age
16:10 Stone Mining
18:38 Fletching
18:45 Gold Mining
20:10 Bow Saw
20:27 Bodkin Arrow
24:48 Horse Collar
26:59 Town Watch
27:20 Fishing Lines
27:52 Padded Archer Armor
29:51 Ballistics
31:17 Gillnets
38:00 Imperial Age
38:29 Medium Warships
38:42 Bracer
39:47 Chemistry
Wolfie
9:40 Loom
14:16 Feudal Age
15:17 Double-Bit Axe
16:57 Fishing Lines
17:23 Fletching
18:10 Gold Mining
23:10 Castle Age
21:32 Horse Collar
22:58 Stone Mining
24:07 Bow Saw
23:19 Crossbowman
23:57 Bodkin Arrow
24:43 Thumb Ring
27:07 Squires
26:34 Elite Skirmisher
27:49 Pikeman
32:09 Heavy Plow
32:49 Wheelbarrow
32:01 Town Watch
32:29 Padded Archer Armor
32:30 Scale Mail Armor
34:00 Forging
33:26 Elite Skirmisher
35:15 Ballistics
36:49 Leather Archer Armor
39:06 Imperial Age
38:34 Coiled Serpent Array
Connection lost

Rejoining the realm…

Still unreachable

The connection could not be restored.

Session expired

The server has moved on; the page needs a fresh start.